AoeStats
← Ding-Dong

Arena

508099776Analyzed
4v4 RM · 13d ago on Sep 20, 2026· 43m 41s· 8 players
Game mode
Random Map
Map size
Large (8 player)
Population
200
Speed
Normal
Resources
Standard
Victory
Conquest
Starting age
Dark Age
Ending age
Imperial Age
RankedLock teamsTeams togetherTeam positionsShared explorationLock speedFull tech treeHidden civsTurbo modeCheats
Victory
Defeat
🇫🇷 Vietnamese · France
1417
+13
🇻🇳 Dravidians · Vietnam
1396
+13
🇬🇧 Japanese · United Kingdom
1256
+19
🇩🇪 Cumans · Germany
1249
+19
🇺🇸 Jurchens · United States
1349
-17
🇨🇱 Bohemians · Chile
1337
-16
🇦🇷 Slavs · Argentina
1336
-16
🇬🇧 Teutons · United Kingdom
1315
-15
El Mikalos
7:49 Loom
11:52 Feudal Age
15:36 Castle Age
14:02 Double-Bit Axe
14:40 Horse Collar
16:02 Loom
16:49 Bow Saw
18:59 Scale Mail Armor
29:25 Wheelbarrow
30:08 Heavy Plow
33:37 Imperial Age
32:04 Hand Cart
31:52 Fletching
34:28 Fortified Wall
34:18 Bodkin Arrow
34:17 Heavy Scorpion
38:39 Pikeman
40:50 Town Watch
daxbordeaux
2:37 Loom
9:12 Loom
11:03 Feudal Age
12:15 Double-Bit Axe
15:55 Castle Age
13:49 Horse Collar
15:02 Stone Mining
24:46 Scale Mail Armor
24:57 Forging
25:18 Squires
25:04 Arson
27:43 Wheelbarrow
29:36 Iron Casting
31:15 Bloodlines
31:05 Husbandry
32:00 Scale Barding Armor
33:37 Elite Skirmisher
36:58 Imperial Age
33:53 Light Cavalry
36:37 Chain Barding Armor
37:23 Hand Cart
38:51 Conscription
39:19 Fletching
39:32 Padded Archer Armor
40:01 Bodkin Arrow
DGHIR | Miloss
11:04 Feudal Age
11:35 Double-Bit Axe
11:31 Horse Collar
16:10 Wheelbarrow
15:20 Loom
19:31 Castle Age
18:50 Loom
19:03 Gold Mining
20:32 Bow Saw
20:22 Heavy Plow
21:14 Hand Cart
24:07 Town Watch
27:00 Gold Shaft Mining
26:15 Stone Mining
29:08 Imperial Age
27:38 Scale Barding Armor
27:43 Forging
27:49 Bloodlines
27:40 Husbandry
29:56 Light Cavalry
31:03 Conscription
31:02 Fletching
32:12 Chain Barding Armor
32:27 Iron Casting
31:55 Scale Mail Armor
31:26 Pikeman
32:06 Squires
35:35 Bodkin Arrow
35:56 Chain Mail Armor
36:30 Halberdier
38:15 Plate Mail Armor
38:46 Blast Furnace
40:01 Onager
42:14 Chemistry
DD2E D10 Bulldozer
10:16 Feudal Age
14:09 Castle Age
12:20 Double-Bit Axe
14:03 Horse Collar
15:10 Bow Saw
18:50 Fervor
20:45 Wheelbarrow
20:52 Loom
28:00 Imperial Age
27:51 Chemistry
26:59 Scale Mail Armor
27:09 Forging
28:15 Hand Cart
27:27 Pikeman
28:07 Squires
27:53 Arson
29:21 Iron Casting
29:02 Chain Mail Armor
28:48 Padded Archer Armor
29:25 Conscription
29:27 Halberdier
32:35 Leather Archer Armor
32:51 Plate Mail Armor
33:52 Ring Archer Armor
34:23 Blast Furnace
37:05 Elite Skirmisher
40:20 Fletching
41:00 Bodkin Arrow
guilleol1005
7:00 Loom
9:05 Feudal Age
7:22 Loom
9:32 Double-Bit Axe
9:29 Horse Collar
12:28 Wheelbarrow
14:03 Fletching
14:32 Town Watch
14:35 Loom
18:55 Castle Age
18:46 Loom
19:41 Bodkin Arrow
19:43 Gold Mining
20:06 Bow Saw
19:58 Heavy Plow
19:28 Crossbowman
20:54 Ballistics
21:10 Padded Archer Armor
25:49 Thumb Ring
27:23 Hand Cart
33:03 Imperial Age
34:20 Bracer
34:41 Arbalester
38:54 Chemistry
40:48 Leather Archer Armor
43:33 Siege Engineers
milesburkley
11:56 Feudal Age
15:41 Castle Age
13:39 Double-Bit Axe
13:49 Horse Collar
16:46 Bow Saw
16:59 Heavy Plow
21:21 Wheelbarrow
22:29 Gold Mining
23:06 Hand Cart
24:53 Gold Shaft Mining
24:11 Stone Mining
28:36 Imperial Age
26:40 Loom
26:40 Town Watch
27:45 Ballistics
27:17 Fletching
27:28 Scale Mail Armor
26:56 Pikeman
29:22 Chain Mail Armor
29:17 Forging
29:03 Guard Tower
29:10 Bodkin Arrow
29:51 Padded Archer Armor
30:01 Heavy Cavalry Archer
30:42 Bracer
31:51 Chemistry
31:37 Leather Archer Armor
31:26 Yasama
32:38 Parthian Tactics
32:27 Thumb Ring
33:32 Two-Man Saw
32:52 Bloodlines
32:47 Husbandry
33:53 Conscription
34:25 Ring Archer Armor
34:53 Masonry
35:29 Kataparuto
36:03 Siege Engineers
36:37 Keep
35:59 Murder Holes
36:47 Treadmill Crane
36:55 Arrowslits
Ding-Dong
11:16 Feudal Age
17:37 Castle Age
16:14 Double-Bit Axe
17:49 Wheelbarrow
18:47 Horse Collar
19:30 Bow Saw
19:46 Heavy Plow
20:50 Gold Mining
22:50 Loom
23:34 Hand Cart
30:15 Imperial Age
28:25 Scale Barding Armor
28:31 Forging
29:08 Bloodlines
29:19 Steppe Husbandry
29:23 Stone Mining
30:09 Gold Shaft Mining
30:17 Gold Shaft Mining
31:45 Chain Barding Armor
31:55 Conscription
31:45 Elite Steppe Lancer
33:48 Plate Barding Armor
35:03 Iron Casting
34:35 Fletching
34:46 Padded Archer Armor
35:55 Elite Kipchak
36:47 Light Cavalry
37:44 Thumb Ring
39:06 Hussar
44:48 Blast Furnace
Melodies of Life
7:36 Loom
10:57 Feudal Age
12:40 Town Watch
15:18 Castle Age
13:29 Double-Bit Axe
14:44 Horse Collar
18:50 Bow Saw
20:57 Heavy Plow
25:10 Gold Mining
25:23 Stone Mining
28:59 Imperial Age
27:45 Wheelbarrow
27:20 Fletching
28:56 Bodkin Arrow
31:31 Hand Cart
31:32 Squires
31:18 Arson
31:38 Scale Mail Armor
32:02 Ballistics
32:38 Conscription
32:37 Chain Mail Armor
32:33 Forging
34:08 Plate Mail Armor
34:57 Elite Urumi Swordsman
36:22 Iron Casting
39:21 Blast Furnace
38:43 Bracer
40:05 Two-Man Saw
39:47 Guilds
Connection lost

Rejoining the realm…

Still unreachable

The connection could not be restored.

Session expired

The server has moved on; the page needs a fresh start.